 Dungeon Crawl Stone Soup version 0.28.0-43-g3370ac3207 (webtiles) character file.

Game seed: 1276398656145978654

914 zeratav the Insei (level 8, -6/52 HPs)
             Began as an Octopode Transmuter on Apr 1, 2022.
             Hit by a large rock thrown by a cyclops (46 damage)
             ... on level 6 of the Dungeon.
             The game lasted 00:30:42 (8811 turns).

zeratav the Insei (Octopode Transmuter)             Turns: 8811, Time: 00:30:42

Health: -6/52      AC:  1    Str: 15      XL:     8   Next: 9%
Magic:  13/13      EV: 13    Int: 18      God:
Gold:   177        SH:  0    Dex:  6 (12) Spells: 10/14 levels left

rFire   . . .      SeeInvis .     - Unarmed
rCold   . . .      Faith    .   (no shield)
rNeg    . . .      Spirit   .   (helmet restricted)
rPois   .          Reflect  .   (no amulet)
rElec   .          Harm     .   f - +6 ring of strength
rCorr   .          Rampage  .   j - +4 ring of slaying
Will    .....                   (no ring)
Stlth   ++........              (no ring)
HPRegen 0.17/turn               (no ring)
MPRegen 0.13/turn               (no ring)
                                (no ring)
                                (no ring)

@: no status effects
A: almost no armour, amphibious, 8 rings, camouflage 1, gelatinous body 1,
(nimble swimmer 1), tentacles
a: no special abilities


You were on level 6 of the Dungeon.
You visited 1 branch of the dungeon, and saw 6 of its levels.

You collected 177 gold pieces.

Inventory:

Hand Weapons
 k - a +3 dagger of freezing
Missiles
 c - 38 sling bullets
 d - 2 throwing nets
 l - 4 poisoned darts
Jewellery
 f - a +6 ring of strength (left tentacle)
 j - a +4 ring of slaying (right tentacle)
Scrolls
 b - 2 scrolls of teleportation
 h - a scroll of identify
Potions
 a - a potion of attraction
 e - 2 potions of berserk rage
 g - 2 potions of brilliance


   Skills:
 * Level 3.5 Fighting
 + Level 3.6 Dodging
 + Level 5.1 Unarmed Combat
 + Level 3.6 Spellcasting
 * Level 4.3 Transmutations
 * Level 4.1 Poison Magic


You had 10 spell levels left.
You knew the following spells:

 Your Spells              Type           Power      Damage    Failure   Level
a - Beastly Appendage     Tmut           36%        N/A       2%          1
b - Spider Form           Tmut/Pois      18%        N/A       9%          3

Your spell library contained the following spells:

 Spells                   Type           Power      Damage    Failure   Level
 Wereblood                Tmut           18%        N/A       3%          2
 Gell's Gravitas          Tloc           3%         N/A       43%         3
 Teleport Other           Tloc           3%         N/A       43%         3
 Ice Form                 Ice/Tmut       11%        N/A       54%         4
 Dispersal                Tloc           1%         N/A       100%        6


Dungeon Overview and Level Annotations

Branches:
Dungeon (6/15)
 Temple: D:4-7

Altars:
Kikubaaqudgha

Shops:
D:3 :

Annotations:
D:5 GilGalad's ghost, novice HuIE


Innate Abilities, Weirdness & Mutations

You cannot wear most types of armour.
You are amphibious.
You can wear up to eight rings at the same time.
Your skin changes colour to match your surroundings (Stealth+).
Your rubbery body absorbs attacks. (AC +1, EV +1)
((You are camouflaged when in or above water. (Stealth+)))
You have tentacles for arms and can constrict up to eight enemies at once.


Message History

You bite the necrophage!
The necrophage is moderately damaged.
The necrophage hits you.
You feel drained.
You hit the necrophage.
The necrophage is moderately damaged.
The necrophage misses you.
You hit the necrophage.
The necrophage is heavily damaged.
The necrophage closely misses you.
You hit the necrophage.
The necrophage is heavily damaged.
The necrophage closely misses you.
You hit the necrophage.
The necrophage is severely damaged.
The necrophage hits you but does no damage.
You hit the necrophage.
The necrophage is almost destroyed.
Your transformation has ended.
The necrophage closely misses you.
You closely miss the necrophage. You grab the necrophage.
You squeeze the necrophage.
You destroy the necrophage!
You feel your dexterity returning.
Your life force feels restored.
Your Unarmed Combat skill increases to level 5!
You have reached level 8!
You start resting.
Magic restored.
You start resting.
You hear the slow rusting of a very distant drain.
You start resting.
You hear the slow rusting of a very distant drain.
You start resting.
HP restored.
You hear the slow rusting of a distant drain.
A cyclops comes into view.
The cyclops shouts!
The cyclops hits you!
The cyclops throws a large rock.
The large rock hits you!!!
Ouch! That really hurt!
You die...

#.. ... ..# ... ..
#.# #.# #.# ... ...
... #+
##.###.###.##...
#...C.......#.#
##.###.##...
#.......#.#.##
#...##@##...#..#
#.#.#...#.#.#.##
...#...⌠...#...##
#.#.#.#...#.#.#.##
#..#...##.##...#..#
## #.#.......#.#.#
...##.###.##...# .#
..........#.## #.#
#.###.##..#


You could see a cyclops.

Vanquished Creatures
  A wyvern (D:6)
  A sky beast (D:4)
  A necrophage (D:6)
  A phantom (D:5)
  A water moccasin skeleton (D:5)
  A quasit (D:5)
  4 hounds
  An orc priest (D:5)
  Natasha (thrice) (D:4)
  An iguana (D:5)
  4 gnolls (D:4)
  4 adders
  3 ufetubi
  3 worms
  4 dart slugs
  6 orcs
  7 ball pythons
  10 endoplasms
  3 giant cockroaches
  5 goblins
  7 hobgoblins
  5 jackals
  4 quokkas
  7 bats
  A frilled lizard (D:3)
  4 kobolds
  7 rats
99 creatures vanquished.

Vanquished Creatures (others)
  15 withered plants (D:4)
15 creatures vanquished.

Grand Total: 114 creatures vanquished

Notes
Turn   | Place    | Note
-------+----------+-------------------------------------------
     0 | D:1      | zeratav the Octopode Transmuter began the quest for the
                  | Orb.
     0 | D:1      | Reached XP level 1. HP: 13/13 MP: 3/3
   110 | D:1      | Reached XP level 2. HP: 17/18 MP: 3/5
   486 | D:1      | Reached skill level 1 in Poison Magic
  1007 | D:1      | Reached XP level 3. HP: 23/23 MP: 4/6
  1753 | D:2      | Found a faded altar of an unknown god.
  2329 | D:2      | Reached XP level 4. HP: 5/28 MP: 7/7
  3234 | D:3      | Found Qurioz's Book Boutique.
  3814 | D:3      | Reached XP level 5. HP: 31/34 MP: 6/8
  4827 | D:4      | Found an ancient bone altar of Kikubaaqudgha.
  4828 | D:4      | Noticed Natasha
  4895 | D:4      | Killed Natasha
  4896 | D:4      | Reached skill level 4 in Unarmed Combat
  4896 | D:4      | Reached XP level 6. HP: 39/39 MP: 8/10
  5329 | D:4      | Learned a level 3 spell: Spider Form
  6037 | D:4      | Noticed Natasha
  6051 | D:4      | Killed Natasha
  6287 | D:4      | Noticed Natasha
  6291 | D:4      | Killed Natasha
  6342 | D:4      | Noticed a sky beast
  6466 | D:4      | Killed a sky beast
  7009 | D:5      | Entered Level 5 of the Dungeon
  7069 | D:5      | Reached XP level 7. HP: 42/45 MP: 7/11
  7071 | D:5      | Found a transporter.
  7074 | D:5      | Noticed GilGalad's ghost (novice HuIE)
  7106 | D:5      | Found a transporter.
  8596 | D:6      | Noticed a wyvern
  8649 | D:6      | Killed a wyvern
  8659 | D:6      | Reached skill level 5 in Unarmed Combat
  8659 | D:6      | Reached XP level 8. HP: 32/52 MP: 11/13
  8809 | D:6      | Noticed a cyclops
  8811 | D:6      | Hit by a large rock thrown by a cyclops

Illustrated notes

Levels and vault maps discovered:
D:1:      ncdulo_lavacross, layout_basic
D:2:      layout_loops_cross, ebering_ecumenical_altar_hall
D:3:      layout_rooms, serial_shops, nicolae_square_shop, grunt_ministairs_9
D:4:      layout_loops_corners, kiku_gazebo_garden_becter, uniq_natasha
D:5:      layout_cave_pods, gammafunk_ghost_stat_death, due_unseen_surprise
D:6:      layout_basic, overflow_temple_1_default, mainiacjoe_overflow_alcove_1,
          temple_fountains, cheibrodos_sewer_entry_drain,
          minmay_misc_feat_square, palyth_stone_intersect,
          nicolae_concentric_dashed_squares_wild, kennysheep_generic_room_9

Skill      XL: |  1  2  3  4  5  6  7 |
---------------+----------------------+-----
Poison Magic   | 1 2 4 |  4.1
Fighting       | 2 3 |  3.5
Transmutations | 3 4 |  4.3
Unarmed Combat | 4 5 |  5.1
Spellcasting   | 3 |  3.6
Dodging        | 3 |  3.6

Action                   |  1- 3 |  4- 6 |  7- 9 || total
-------------------------+-------+-------+-------++-------
Melee: Unarmed           |    82 |   124 |    57 ||   263
       Constrict         |    22 |    26 |     1 ||    49
       Kick              |    22 |    21 |       ||    43
       Tentacles         |    14 |    14 |     1 ||    29
       Punch             |     3 |     5 |       ||     8
 Cast: Beastly Appendage |    19 |    18 |       ||    37
       Spider Form       |       |    12 |     8 ||    20
  Use: Scroll            |       |     6 |     2 ||     8
       Potion            |       |       |     1 ||     1
 Stab: Sleeping          |     2 |     1 |       ||     3
Armor: Skin              |    13 |     5 |    15 ||    33
Dodge: Dodged            |    69 |    90 |    91 ||   250
